 Dungeon Crawl Stone Soup version 0.23.2-33-g5129a83184 (webtiles) character file.

Game seed: 15923366775540119470

7504 AarnesTheHuman the Fighter (level 11, 0/92 HPs)
             Began as a Barachi Fighter on Aug 6, 2019.
             Was a Priest of Ashenzari.
             Killed by vampiric draining
             ... invoked by a vampire
              (10 damage)
             ... on level 10 of the Dungeon.
             The game lasted 00:29:30 (12272 turns).

AarnesTheHuman the Fighter (Barachi Fighter)       Turns: 12272, Time: 00:29:31

Health: 0/92       AC:  8    Str: 21      XL:     11   Next: 16%
Magic:  11/11      EV:  9    Int:  9      God:    Ashenzari [***...]
Gold:   407        SH: 12    Dex: 10 (11) Spells: 10/10 levels left

rFire    + . .     SeeInvis +   z - +4 falchion (freeze) (curse)
rCold    . . .     Gourm    .   c - +0 shield (curse)
rNeg     . . .     Faith    .   b - +0 scale mail
rPois    .         Spirit   .   (no helmet)
rElec    .         Reflect  .   s - scarf {cloud immunity} (curse)
rCorr    .         Harm     .   (no gloves)
MR       .....                  (no boots)
Stlth    ..........             (no amulet)
HPRegen  0.25/turn              p - ring of protection from fire
MPRegen  0.12/turn              (no ring)

@: slow
A: +LOS, swims, slowness 1, strong legs 1
a: Hop, Curse Item, Scrying, Renounce Religion


You were on level 10 of the Dungeon.
You worshipped Ashenzari.
Ashenzari was most pleased with you.
You were hungry.

You visited 1 branch of the dungeon, and saw 10 of its levels.

You collected 407 gold pieces.

Inventory:

Hand Weapons
 t - a +2 dagger of flaming
 z - a cursed +4 falchion of freezing (weapon)
Armour
 b - a +0 scale mail (worn)
 c - a cursed +0 shield (worn)
 s - a cursed scarf of cloud immunity (worn)
Jewellery
 p - a ring of protection from fire (left hand)
 v - an uncursed amulet of guardian spirit
 D - an uncursed ring of ice
 F - a +3 ring of evasion
Wands
 m - a wand of iceblast (8)
 o - a wand of flame (22)
 q - a wand of random effects (19)
 r - a wand of acid (5)
 u - a wand of paralysis (11)
 A - a wand of disintegration (5)
Scrolls
 a - a scroll of amnesia
 g - 6 scrolls of identify
 j - 2 scrolls of immolation
 k - 5 scrolls of teleportation
 l - a scroll of fog
 y - 2 scrolls of random uselessness {unknown}
 B - a scroll of vulnerability {unknown}
 C - a scroll of magic mapping {unknown}
Potions
 d - 2 potions of might
 e - a potion of degeneration
 h - 2 potions of mutation
 i - 10 potions of curing
 n - a potion of berserk rage
 w - a potion of brilliance
 x - 4 potions of flight
 E - a potion of haste {unknown}
Comestibles
 f - 21 rations
 G - 10 chunks of flesh


   Skills:
 + Level 10.7 Fighting
 - Level 1.6(6.1) Short Blades
 + Level 10.1(12.9) Long Blades
 + Level 10.6 Armour
 + Level 9.9(11.6) Shields


You had 10 spell levels left.
You didn't know any spells.
Your spell library contained the following spells:

 Spells                   Type           Power        Failure   Level  Hunger
 Confusing Touch          Hex            #.....       80%         1    ##.....
 Confuse                  Hex            #.......     99%         3    ####...
 Gell's Gravitas          Tloc           #.........   99%         3    ####...
 Petrify                  Tmut/Erth      #.......     100%        4    #####..
 Metabolic Englaciation   Hex/Ice        #.........   100%        5    ######.
 Yara's Violent Unravell  Hex/Tmut       #.........   100%        5    ######.


Dungeon Overview and Level Annotations

Branches:
Dungeon (10/15)            Temple (0/1) D:6
   Lair: D:8-11         Orc: D:9-12

Altars:
Ashenzari
Cheibriados
Fedhas
Gozag
Hepliaklqana
Qazlal
Sif Muna
Trog
Uskayaw
Vehumet
Wu Jian
Xom
Yredelemnul

Shops:
D:5 [   D:9 %

Annotations:
D:8 1 runed translucent door, FunkyPutin's ghost, novice GrFi
D:9 3 runed translucent doors, harness's ghost, journeyman TeAE
D:10 exclusions: electric eel and 3 more exclusions


Innate Abilities, Weirdness & Mutations

Shadows flee at your approach. (+LOS)
You can swim through water.
You cover ground slowly.
You can hop short distances.


Message History

You slash the vampire!
The vampire is almost destroyed.
You closely miss the vampire.
The vampire is almost destroyed.
The vampire is infused with unholy energy.
* * * LOW HITPOINT WARNING * * *
The vampire draws life force from you and is healed!
You closely miss the vampire.
The vampire is severely damaged.
You hit the vampire.
The vampire is severely damaged.
The vampire hits you!
* * * LOW HITPOINT WARNING * * *
The vampire bites you!
* * * LOW HITPOINT WARNING * * *
The vampire draws strength from your injuries!
You hit the vampire but do no damage.
The vampire is severely damaged.
The vampire is infused with unholy energy.
You die...

#.# #.. #########.# #.# *
#.......#.# #.# *
###.......#.###.############
.>..........................
*
#..............)............
#.......#.###[###<###.....
#.......#.# #.###.###.###.
#.......#@# #.......#.# #.
#.(......V# ###.......# #.
#.....†.### #..†....# #. ,
#.......# * * #.....<.# #.
#........ ,* #.......# #.
*,,..#'##....., #.......###.
.....*#...?.. #...........
.... *#....... #...........
, ##. #.......# #......####.


You could see a vampire (invisible).

Vanquished Creatures
  A two-headed ogre (D:9)
  Pikel (D:4)
  A troll (D:9)
  2 wyverns
  4 yaks (D:9)
  A spriggan (D:8)
  2 wraiths (D:7)
  A hungry ghost (D:9)
  3 orc warriors
  4 sky beasts
  A black bear (D:7)
  2 ice beasts
  A phantom (D:6)
  2 necrophages
  3 centaurs
  5 ogres
  2 bullfrogs
  A gnoll sergeant (D:7)
  A water moccasin zombie (D:6)
  A water moccasin skeleton (D:5)
  3 scorpions
  10 wights
  A centaur zombie (D:5)
  5 crimson imps
  2 bullfrog zombies (D:5)
  A quasit (D:10)
  A centaur skeleton (D:8)
  4 human zombies (D:7)
  Crazy Yiuf (D:7)
  2 jellies
  A bullfrog skeleton (D:5)
  3 hounds
  3 orc priests
  4 iguanas
  Ijyb (D:3)
  9 orc wizards
  13 worker ants
  An ogre zombie (D:7)
  2 hound skeletons
  6 hound zombies
  3 mummies (D:7)
  3 worker ant zombies
  A howler monkey skeleton (D:8)
  11 adders
  15 gnolls
  A shadow imp (D:5)
  4 oozes
  2 adder skeletons (D:5)
  2 adder zombies (D:5)
  2 worms
  A dart slug (D:3)
  6 leopard geckos
  32 orcs
  4 giant cockroaches
  9 hobgoblins
  12 jackals
  5 quokkas
  A ball python (D:3)
  6 bats
  6 frilled lizards
  6 goblins
  A jackal skeleton (D:5)
  A jackal zombie (D:7)
  4 kobolds
  A leopard gecko skeleton (D:5)
  5 rats
256 creatures vanquished.

Notes
Turn   | Place    | Note
-------+----------+-------------------------------------------
     0 | D:1      | AarnesTheHuman the Barachi Fighter began the quest for the
                  | Orb.
     0 | D:1      | Reached XP level 1. HP: 18/18 MP: 1/1
    45 | D:1      | Reached XP level 2. HP: 24/25 MP: 2/2
   259 | D:1      | Reached XP level 3. HP: 22/30 MP: 3/3
   752 | D:2      | Found a blossoming altar of Fedhas.
   753 | D:2      | Found a shattered altar of Ashenzari.
   757 | D:2      | Became a worshipper of Ashenzari the Shackled
   928 | D:2      | Reached XP level 4. HP: 37/37 MP: 4/4
  1469 | D:3      | Noticed a sky beast
  1526 | D:3      | Killed a sky beast
  1526 | D:3      | Reached XP level 5. HP: 19/43 MP: 5/5
  2070 | D:3      | Noticed Ijyb
  2078 | D:3      | Killed Ijyb
  2078 | D:3      | Reached skill level 5 in Fighting
  2078 | D:3      | Reached skill level 5 in Armour
  2078 | D:3      | Reached XP level 6. HP: 22/51 MP: 6/6
  2927 | D:4      | Reached * piety under Ashenzari
  2933 | D:4      | Found a radiant altar of Vehumet.
  3201 | D:4      | Noticed an ice beast
  3202 | D:4      | Noticed a slave
  3202 | D:4      | Noticed a slave
  3202 | D:4      | Noticed Pikel
  3203 | D:4      | Noticed a slave
  3203 | D:4      | Noticed a slave
  3242 | D:3      | Killed an ice beast
  3242 | D:3      | Reached skill level 5 in Shields
  3242 | D:3      | Reached XP level 7. HP: 14/56 MP: 7/7
  3863 | D:4      | Reached skill level 5 in Long Blades
  4069 | D:4      | Killed Pikel
  4069 | D:4      | Reached XP level 8. HP: 65/65 MP: 8/8
  4528 | D:5      | Entered Level 5 of the Dungeon
  4574 | D:5      | Noticed a wyvern
  5824 | D:5      | Killed a wyvern
  5824 | D:5      | HP: 2/67 [worm (6)]
  6414 | D:5      | Reached XP level 9. HP: 55/72 MP: 9/9
  6632 | D:5      | Found a bloodstained altar of Trog.
  6759 | D:5      | Found Watheag's Armour Boutique.
  7013 | D:5      | Found a deep blue altar of Sif Muna.
  7086 | D:6      | Found a staircase to the Ecumenical Temple.
  7258 | D:6      | Reached skill level 1 in Short Blades
  7751 | D:6      | Reached ** piety under Ashenzari
  8664 | D:7      | Found a basalt altar of Yredelemnul.
  8672 | D:7      | Reached XP level 10. HP: 83/83 MP: 10/10
  8987 | D:7      | Found a runed translucent door.
  8988 | D:7      | Noticed Crazy Yiuf
  9430 | D:7      | Killed Crazy Yiuf
  9547 | D:8      | Found a hazy altar of Hepliaklqana.
  9548 | D:8      | Found a shimmering altar of Xom.
  9549 | D:8      | Noticed a spectral ugly thing
  9617 | D:8      | Found a hide-covered altar of Uskayaw.
  9654 | D:8      | Found an ornate altar of the Wu Jian Council.
  9657 | D:8      | Reached *** piety under Ashenzari
  9868 | D:8      | Found a stormy altar of Qazlal.
  9909 | D:8      | Found a runed translucent door.
  9910 | D:8      | Noticed FunkyPutin's ghost (novice GrFi)
 10783 | D:9      | Reached skill level 10 in Fighting
 10797 | D:9      | Reached skill level 10 in Armour
 10987 | D:9      | Noticed a two-headed ogre
 11000 | D:9      | Killed a two-headed ogre
 11059 | D:9      | Reached XP level 11. HP: 80/92 MP: 11/11
 11060 | D:9      | Found a runed translucent gate.
 11061 | D:9      | Found a runed translucent gate.
 11063 | D:9      | Found a runed translucent gate.
 11065 | D:9      | Found an opulent altar of Gozag.
 11065 | D:9      | Noticed harness's ghost (journeyman TeAE)
 11074 | D:9      | Found a snail-covered altar of Cheibriados.
 11350 | D:9      | Reached skill level 10 in Long Blades
 11766 | D:9      | Found Iruef's Food Shop.
 11976 | D:10     | Entered Level 10 of the Dungeon
 12272 | D:10     | Killed from afar by a vampire

Skill      XL: |  1  2  3  4  5  6  7  8  9 10 11 |
---------------+----------------------------------+-----
Fighting       | 4 5 6 7 9 10 | 10.7
Armour         | 4 5 6 7 9 10 | 10.6
Long Blades    | 3 4 5 7 8 9 10 | 10.1
Shields        | 4 5 6 8 9 |  9.9
Short Blades   | 1 |  1.6

Action                   |  1- 3 |  4- 6 |  7- 9 | 10-12 || total
-------------------------+-------+-------+-------+-------++-------
Melee: Long sword        |    70 |   205 |    89 |       ||   364
       Dagger            |       |       |   176 |       ||   176
       Rapier            |       |       |   205 |       ||   205
       Falchion          |       |       |   153 |   422 ||   575
Invok: Curse Item        |       |     1 |     2 |       ||     3
 Abil: Hop               |       |     1 |     1 |       ||     2
Evoke: Wand              |       |     3 |     1 |       ||     4
  Use: Scroll            |       |     8 |     6 |       ||    14
       Potion            |       |     3 |       |     2 ||     5
 Stab: Paralysed         |       |       |     7 |       ||     7
       Invisible         |       |       |       |     1 ||     1
  Eat: Chunk             |     1 |     8 |    16 |     7 ||    32
       Ration            |       |       |     1 |     2 ||     3
Armor: Scale mail        |    39 |    85 |   190 |    82 ||   396
       Skin              |       |    31 |       |       ||    31
Dodge: Dodged            |    29 |    46 |   155 |    79 ||   309
Block: Shield            |    47 |    73 |   301 |   159 ||   580
       Rpst.: Long sword |     9 |    14 |     6 |       ||    29
       Falchion          |       |       |     5 |    20 ||    25
